 Dungeon Crawl Stone Soup version 0.23-a0-143-g1adec7b (webtiles) character file.

138 nikopol the Firebug (level 5, 0/30 HPs)
             Began as a Deep Elf Fire Elementalist on Sept 6, 2018.
             Succumbed to a goblin's poison
             ... on level 1 of the Dungeon.
             The game lasted 00:04:29 (1427 turns).

nikopol the Firebug (Deep Elf Fire Elementalist)    Turns: 1427, Time: 00:04:30

Health: 0/30       AC:  2    Str:  5    XL:     5   Next: 1%
Magic:  1/12       EV: 13    Int: 21    God:
Gold:   98         SH:  0    Dex: 15    Spells: 4/10 levels left

rFire    . . .     SeeInvis .   (no weapon)
rCold    . . .     Gourm    .   (no shield)
rNeg     . . .     Faith    .   a - +0 robe
rPois    .         Spirit   .   (no helmet)
rElec    .         Reflect  .   (no cloak)
rCorr    .         Harm     .   (no gloves)
MR       .....     Rnd*Rage +   (no boots)
Stlth    ++........             (no amulet)
HPRegen  0.10/turn              (no ring)
MPRegen  0.13/turn              (no ring)

@: lethally poisoned (0 -> -4), very slightly contaminated
A: talons 1, berserk 1, robust 1
a: no special abilities


You were on level 1 of the Dungeon.
You were not hungry.

You visited 1 branch of the dungeon, and saw 2 of its levels.

You collected 98 gold pieces.

Inventory:

Armour
 a - a +0 robe (worn)
Scrolls
 b - a scroll of magic mapping {unknown}
 e - 2 scrolls of identify {unknown}
 f - a scroll of teleportation {unknown}
 g - a scroll of amnesia {unknown}
 h - a scroll of noise {unknown}
Potions
 j - a potion of curing {unknown}
Comestibles
 c - 3 rations
 i - 9 chunks of flesh


   Skills:
 + Level 3.2 Dodging
 + Level 2.5 Stealth
 + Level 3.4 Spellcasting
 + Level 2.7 Conjurations
 + Level 5.0 Fire Magic


You had 4 spell levels left.
You knew the following spells:

 Your Spells              Type           Power        Failure   Level  Hunger
a - Flame Tongue          Conj/Fire      ###..        2%          1    None
b - Throw Flame           Conj/Fire      ###...       3%          2    ##.....
c - Conjure Flame         Conj/Fire      ###.....     8%          3    ###....

Your spell library contained the following spells:

 Spells                   Type           Power        Failure   Level  Hunger
 Inner Flame              Hex/Fire       ##......     14%         3    ###....
 Sticky Flame             Conj/Fire      ###.....     26%         4    ####...
 Fireball                 Conj/Fire      ###.......   56%         5    ######.


Dungeon Overview and Level Annotations

Branches:
Dungeon (2/15)

Altars:
Ru


Innate Abilities, Weirdness & Mutations

You have sharp toenails.
You tend to lose your temper in combat.
You are robust. (+10% HP)


Message History

You feel sick.
Casting: Flame Tongue (safe; 2% risk of failure)
Confirm with . or Enter, or press ? or * to list all spells.
Aiming: Flame Tongue (safe; 2% risk of failure)
Press: ? - help, Shift-Dir - straight line, f/p - goblin
Aim: a goblin, wielding a dagger of venom (moderately wounded)
The flame tongue hits the goblin.
You kill the goblin!
* * * LOW HITPOINT WARNING * * *
You feel sick.
It was a potion of mutation.
You feel extremely strange.
You feel robust.
You feel a little pissed off.
Your toenails lengthen and sharpen.
Casting: Flame Tongue (safe; 2% risk of failure)
Confirm with . or Enter, or press ? or * to list all spells.
Okay, then.
There is a lethal amount of poison in your body!
* * * LOW HITPOINT WARNING * * *
You feel sick.
You die...

#.## #.#..#.###.. #..#
###.#.†..#....
####.#########.............
#.<..#..##..##.≈≈≈≈≈.≈≈≈≈..
###...##...'.....≈≈≈≈≈.≈≈≈≈..
#.....###..#####.≈≈≈≈≈.≈≈≈≈.#
#....###...#.....≈≈≈≈≈.≈≈≈≈..
##...##....#..#........≈≈≈≈..
##..###...##@.##.≈≈≈≈.......#
#...##....#.).##.≈≈≈≈.≈≈≈≈≈..
#..###...###.....≈≈≈≈.≈≈≈≈≈..
#[.##....##...#..≈≈≈≈.≈≈≈≈≈..
#.####..##....##.≈≈≈≈.≈≈≈≈≈.#
####....##..................#
#######....#....###...>###
########### ######


There were no monsters in sight!

Vanquished Creatures
  An orc wizard (D:2)
  Natasha (D:2)
  Terence (D:2)
  2 adders (D:2)
  An ooze (D:1)
  A dart slug (D:1)
  A leopard gecko (D:1)
  2 ball pythons
  6 bats
  2 giant cockroaches (D:1)
  4 goblins
  3 hobgoblins (D:1)
  3 jackals (D:2)
  5 kobolds (D:2)
  A frilled lizard (D:1)
  5 rats
39 creatures vanquished.

Notes
Turn   | Place    | Note
-------+----------+-------------------------------------------
     0 | D:1      | nikopol the Deep Elf Fire Elementalist began the quest for
                  | the Orb.
     0 | D:1      | Reached XP level 1. HP: 10/10 MP: 6/6
   290 | D:1      | Reached XP level 2. HP: 15/15 MP: 4/8
   475 | D:1      | Reached skill level 4 in Fire Magic
   656 | D:1      | Reached XP level 3. HP: 19/19 MP: 7/9
   672 | D:1      | Learned a level 2 spell: Throw Flame
   676 | D:1      | Learned a level 3 spell: Conjure Flame
  1103 | D:2      | Found a sacrificial altar of Ru.
  1117 | D:2      | Reached XP level 4. HP: 19/24 MP: 0/11
  1202 | D:2      | Noticed Natasha
  1216 | D:2      | Killed Natasha
  1216 | D:2      | Reached skill level 5 in Fire Magic
  1254 | D:2      | Noticed Terence
  1273 | D:2      | Killed Terence
  1396 | D:2      | Reached XP level 5. HP: 28/28 MP: 5/12
  1422 | D:1      | HP: 1/28 [poisoned by a goblin]
  1423 | D:1      | Gained mutation: You are robust. (+10% HP) [potion of
                  | mutation]
  1423 | D:1      | Gained mutation: You tend to lose your temper in combat.
                  | [potion of mutation]
  1423 | D:1      | Gained mutation: You have sharp toenails. [potion of
                  | mutation]
  1427 | D:1      | Succumbed to a goblin's poison

Vault maps used:
D:1:      dpeg_arrival_long_road, minivault_14
D:2:      nicolae_ru_great_annihilating_truth, uniq_terence, uniq_robin,
          uniq_natasha

Skill      XL: |  1  2  3  4 |
---------------+-------------+-----
Dodging        | 3 |  3.2
Fire Magic     | 4 5 |  5.0
Conjurations   | 2 |  2.7
Stealth        | |  2.5
Spellcasting   | |  3.4

Action                   |  1- 3 |  4- 6 || total
-------------------------+-------+-------++-------
 Cast: Flame Tongue      |    52 |    31 ||    83
       Conjure Flame     |       |     1 ||     1
  Use: Potion            |       |     1 ||     1
  Eat: Chunk             |       |     1 ||     1
Armor: Robe              |     4 |     1 ||     5
Dodge: Dodged            |    12 |     8 ||    20

Table legend:
 A = Non-vault XP
 B = Vault XP
 C = Vault XP percentage of total XP
 D = Non-vault monster count
 E = Vault monster count
 F = Vault count percentage of total count
                 A         B        C        D         E       F
            +---------+---------+-------+---------+---------+-------
      Total |      83 |     115 |  58.1 |      31 |       8 |  20.5
            +---------+---------+-------+---------+---------+-------
        D:1 |      41 |       2 |   4.7 |      20 |       1 |   4.8
        D:2 |      42 |     113 |  72.9 |      11 |       7 |  38.9
            +---------+---------+-------+---------+---------+-------
